 Seeded DCSS version 0.30.1-11-g7821555f0a (webtiles) character file.

Game seed: 3677821746841223284 (custom seed)

6 Psyclone the Conjurer (level 1, 9/10 HPs)
             Began as a Deep Elf Conjurer on Nov 7, 2023.
             Quit the game on level 1 of the Dungeon.
             The game lasted 00:00:56 (139 turns).

Psyclone the Conjurer (Deep Elf Conjurer)            Turns: 139, Time: 00:00:57

Health: 9/10       AC:  4    Str:  4    XL:     1   Next: 75%
Magic:  0/6        EV: 12    Int: 22    God:
Gold:   17         SH:  0    Dex: 13    Spells: 5/6 levels left

rFire   . . .        (no weapon)
rCold   . . .        (no shield)
rNeg    . . .        a - +0 robe
rPois   .            (no helmet)
rElec   .            (no cloak)
rCorr   .            (no gloves)
SInv    .            (no boots)
Will    .....        (no amulet)
Stlth   ++           (no ring)
HPRegen 0.21/turn    (no ring)
MPRegen 0.10/turn

%: no passive effects
@: very slightly contaminated
A: iridescent scales 1, sturdy frame 1, noise suppression
a: no special abilities


You were on level 1 of the Dungeon.
You visited 1 branch of the dungeon, and saw 1 of its levels.

You collected 17 gold pieces.

Inventory:

Armour
 a - a +0 robe (worn)
Scrolls
 c - a scroll of acquirement {unknown}
Potions
 b - a potion of magic


   Skills:
 - Level 2.4 Dodging
 - Level 2.4 Stealth
 + Level 3.2 Spellcasting
 * Level 4.6 Conjurations


You had 5 spell levels left.
You knew the following spells:

 Your Spells              Type           Power      Damage    Failure   Level
a - Magic Dart            Conj           96%        1d7       1%          1

Your spell library contained the following spells:

 Spells                   Type           Power      Damage    Failure   Level
 Searing Ray              Conj           48%        2d6       2%          2
 Dazzling Flash           Conj/Hex       26%        N/A       14%         3
 Fulminant Prism          Conj/Hex       6%         3d7       43%         4
 Iskenderun's Mystic Bla  Conj/Tloc      13%        2d5       43%         4


Dungeon Overview and Level Annotations

Branches:
Dungeon (1/15) Zot: 5861

Altars:


Innate Abilities, Weirdness & Mutations

You are partially covered in iridescent scales. (AC +2)
Your movements are slightly less encumbered by armour. (ER -2)
You passively dampen the noise of your surroundings.


Message History

The magic dart hits the jackal.
The jackal is almost dead.
The jackal barely misses you.
You now have 3/6 mp.
Casting: Magic Dart (safe; 1% risk of failure)
Confirm with . or Enter, or press ? or * to list all spells.
Aiming: Magic Dart (safe; 1% risk of failure)
Press: ? - help, Shift-Dir - straight line, f/p - jackal
Aim: a jackal (almost dead, 100% to hit)
The magic dart hits the jackal.
You kill the jackal!
The jackal closely misses you.
You now have 2/6 mp.
Casting: Magic Dart (safe; 1% risk of failure)
Confirm with . or Enter, or press ? or * to list all spells.
Aiming: Magic Dart (safe; 1% risk of failure)
Press: ? - help, Shift-Dir - straight line, f - jackal
Aim: a jackal (100% to hit)
The magic dart hits the jackal.
The jackal is heavily wounded.
The jackal bites you.
You take 2 damage, and have 8/10 hp.
You now have 1/6 mp.
Casting: Magic Dart (safe; 1% risk of failure)
Confirm with . or Enter, or press ? or * to list all spells.
Aiming: Magic Dart (safe; 1% risk of failure)
Press: ? - help, Shift-Dir - straight line, f/p - jackal
Aim: a jackal (heavily wounded, 100% to hit)
The magic dart hits the jackal.
The jackal is almost dead.
The jackal closely misses you.
The jackal bites you but does no damage.
The jackal barely misses you.
You now have 0/6 mp.
Casting: Magic Dart (safe; 1% risk of failure)
Confirm with . or Enter, or press ? or * to list all spells.
You don't have enough magic to cast this spell.
Unknown command.
Unknown command.
Unknown command.
Are you sure you want to abandon this character and quit the game? (Confirm with "yes".)

........##
###.#....#
. #.##.# ..
#. #.# ...
#. #.# ....
#. #.#
.....#. #.#
.......##.#
....._h@..#
......h####
.......
.......
##...#.
#.#... #.#
.> # ##


You could see 2 jackals.

Vanquished Creatures
  A dart slug (D:1)
  A goblin (D:1)
  A jackal (D:1)
  A ball python (D:1)
4 creatures vanquished.

Notes
Turn   | Place    | Note
-------+----------+-------------------------------------------
     0 | D:1      | Psyclone the Deep Elf Conjurer began the quest for the Orb.
     0 | D:1      | Reached XP level 1. HP: 10/10 MP: 6/6
    21 | D:1      | Gained mutation: Your movements are slightly less
                  | encumbered by armour. (ER -2) [potion of mutation]
    21 | D:1      | Gained mutation: You passively dampen the noise of your
                  | surroundings. [potion of mutation]
    21 | D:1      | Gained mutation: You are partially covered in iridescent
                  | scales. (AC +2) [potion of mutation]
   130 | D:1      | Found a faded altar of an unknown god.
   139 | D:1      | Quit the game

Illustrated notes

Levels and vault maps discovered:
D:1:      scummos_arrival_forest, layout_basic, basic_ecumenical_altar

Action                     || total
---------------------------++-------
   Cast: Magic Dart        ||     9
    Use: Potion            ||     1
 Armour: Robe              ||     1
  Dodge: Dodged            ||     4
